 Dungeon Crawl Stone Soup version 0.25-a0-458-g6fc7858b95 (webtiles) character file.

Game seed: 11738972651641289859, levelgen mode: deterministic

1663 Error4North the Chopper (level 9, 0/75 HPs)
             Began as a Hill Orc Fighter on Feb 2, 2020.
             Was a Believer of Okawaru.
             Slain by an orc warrior
             ... wielding a +0 dire flail
              (8 damage)
             ... on level 7 of the Dungeon.
             The game lasted 00:32:16 (6680 turns).

Error4North the Chopper (Hill Orc Fighter)          Turns: 6680, Time: 00:32:17

Health: 0/75       AC: 21    Str: 22      XL:     9   Next: 1%
Magic:  0/13       EV:  5    Int: 10      God:    Okawaru [**....]
Gold:   308        SH: 10    Dex:  9 (10) Spells: 14/14 levels left

rFire    . . .     SeeInvis .   a - +0 war axe
rCold    . . .     Gourm    .   c - +0 shield
rNeg     . . .     Faith    .   y - +7 plate armour "Verhubb" {Int+2}
rPois    .         Spirit   +   (no helmet)
rElec    .         Reflect  .   (no cloak)
rCorr    .         Harm     .   (no gloves)
MR       +....                  b - +0 pair of boots
Stlth    ..........             r - amulet of guardian spirit
HPRegen  0.22/turn              u - ring of protection from magic
MPRegen  0.13/turn              (no ring)

@: no status effects
A: no striking features
a: Heroism, Renounce Religion


You were on level 7 of the Dungeon.
You worshipped Okawaru.
Okawaru was pleased with you.
You were not hungry.

You visited 2 branches of the dungeon, and saw 8 of its levels.

You collected 368 gold pieces.
You spent 60 gold pieces at shops.

Inventory:

Hand Weapons
 a - a +0 war axe (weapon)
Missiles
 q - 5 boomerangs (quivered)
Armour
 b - a +0 pair of boots (worn)
 c - a +0 shield (worn)
 y - the +7 plate armour "Verhubb" (worn) {Int+2}
   (You found it on level 3 of the Dungeon)

   It affects your intelligence (+2).
   If you remove this armour, your AC will fall 20 points (21 -> 1)
Jewellery
 r - an amulet of guardian spirit (around neck)
 t - a +3 ring of intelligence
 u - a ring of protection from magic (left hand)
Scrolls
 e - 9 scrolls of remove curse
 g - 4 scrolls of magic mapping
 h - 3 scrolls of teleportation
 i - a scroll of random uselessness
 j - 2 scrolls of fog {unknown}
 k - 2 scrolls of enchant weapon {unknown}
 l - 2 scrolls of immolation
 n - a scroll of noise {unknown}
 o - a scroll of amnesia
 s - 5 scrolls of identify
 v - 2 scrolls of enchant armour {unknown}
Potions
 d - a potion of might
 p - 2 potions of curing {unknown}
Comestibles
 f - 15 rations


   Skills:
 * Level 5.8 Fighting
 + Level 7.1 Axes
 + Level 0.3 Throwing
 * Level 6.0 Armour
 + Level 0.6 Dodging
 + Level 0.2 Stealth
 * Level 6.8 Shields
 * Level 3.0 Spellcasting
 * Level 3.4 Invocations


You had 14 spell levels left.
You didn't know any spells.
Your spell library contained the following spells:

 Spells                   Type           Power        Failure   Level  Hunger
 Beastly Appendage        Tmut           #.....       100%        1    #......
 Sticks to Snakes         Tmut           #.......     100%        2    ###....
 Spider Form              Tmut/Pois      #.........   100%        3    ###....
 Ice Form                 Ice/Tmut       #.......     100%        4    #####..
 Blade Hands              Tmut           #.........   100%        5    ######.


Dungeon Overview and Level Annotations

Branches:
Dungeon (7/15)             Temple (1/1) D:4

Altars:
Ashenzari
Cheibriados
Dithmenos
Elyvilon
Fedhas
Gozag
Kikubaaqudgha
Makhleb
Nemelex Xobeh
Okawaru
Qazlal
Ru
Sif Muna
Trog
Uskayaw
Vehumet
Wu Jian
Xom
Yredelemnul
Zin
The Shining One

Shops:
D:4 ?   D:6 *


Message History

The orc warrior hits you with a +0 dire flail!
You hit the orc warrior but do no damage.
The orc warrior is moderately wounded.
The orc warrior hits you with a +0 dire flail.
* * * LOW HITPOINT WARNING * * *
You hit the orc warrior but do no damage.
The orc warrior is moderately wounded.
The orc warrior completely misses you.
You slash the orc warrior!
The orc warrior is heavily wounded.
You block the orc warrior's attack.
The orc warrior hits you with a +0 dire flail!
* * * LOW HITPOINT WARNING * * *
You hit the orc warrior but do no damage.
The orc warrior is heavily wounded.
The orc warrior barely misses you.
You barely miss the orc warrior.
The orc warrior is heavily wounded.
The orc warrior hits you with a +0 dire flail!
You die...

#.. ...## .# ..# #....
..# .). #...####..#
#.####.#....#..# #
.....#......#..# ##.
##.##.#..)......#
#/..#..##.#.........#
#....##.#.....<...#
##.o@...#...#.....#
#...#........'.....#
###....#.#.###....####
#...........+....#.#.
...###.##..###....#.#.
....
<...............#. ..#
#.#.#....###.#.#.#. ..
#.#.#........#.#.#. #
#.###.###..#.#.#.


You could see an orc warrior.

Vanquished Creatures
  The ghost of olaf the Cutter, an amateur HaAK of Lugonu (D:3)
  An orc warrior (D:6)
  A phantom (D:6)
  3 ogres
  A centaur (D:6)
  3 scorpions
  A howler monkey (D:3)
  3 crimson imps
  4 orc priests (D:6)
  A jelly (D:7)
  A hound (D:4)
  Jessica (D:2)
  Natasha (thrice) (D:3)
  3 iguanas (D:6)
  7 orc wizards
  2 worker ants (D:5)
  A hound zombie (D:4)
  5 adders
  An adder zombie (D:2)
  An adder skeleton (D:6)
  4 worms
  5 leopard geckos
  20 orcs
  8 giant cockroaches
  4 hobgoblins
  12 jackals
  A ball python (D:4)
  6 bats
  11 frilled lizards
  2 goblins (D:3)
  4 kobolds (D:1)
  A leopard gecko skeleton (D:6)
  A leopard gecko zombie (D:6)
  9 rats
132 creatures vanquished.

Vanquished Creatures (others)
  A bush (D:6)
1 creature vanquished.

Grand Total: 133 creatures vanquished

Notes
Turn   | Place    | Note
-------+----------+-------------------------------------------
     0 | D:1      | Error4North the Hill Orc Fighter began the quest for the
                  | Orb.
     0 | D:1      | Reached XP level 1. HP: 19/19 MP: 1/1
   211 | D:1      | Reached XP level 2. HP: 26/27 MP: 2/2
   685 | D:2      | Noticed Jessica
   714 | D:2      | Killed Jessica
   714 | D:2      | Reached XP level 3. HP: 21/33 MP: 3/3
   886 | D:2      | Reached skill level 3 in Axes
   946 | D:2      | Reached XP level 4. HP: 31/40 MP: 4/4
  1204 | D:2      | Found a sparkling altar of Nemelex Xobeh.
  1727 | D:3      | Noticed Natasha
  1731 | D:3      | Killed Natasha
  1769 | D:3      | Reached XP level 5. HP: 45/46 MP: 6/6
  1832 | D:3      | You fall into a shaft and drop 3 floors!
  1883 | D:6      | Reached skill level 1 in Spellcasting
  1891 | D:6      | Reached skill level 4 in Axes
  1891 | D:6      | Reached skill level 5 in Shields
  1905 | D:6      | Reached XP level 6. HP: 28/52 MP: 8/8
  1931 | D:6      | Found Atanoorch's Assorted Antiques.
  2059 | D:5      | Entered Level 5 of the Dungeon
  2059 | D:5      | Found a shattered altar of Ashenzari.
  2339 | D:4      | Found a staircase to the Ecumenical Temple.
  2357 | Temple   | Entered the Ecumenical Temple
  2585 | D:4      | Found a burning altar of Makhleb.
  2586 | D:4      | Found an iron altar of Okawaru.
  2587 | D:4      | Found a hide-covered altar of Uskayaw.
  2601 | D:4      | Found a sacrificial altar of Ru.
  2638 | D:4      | Became a worshipper of Warmaster Okawaru
  2681 | D:4      | Found a basalt altar of Yredelemnul.
  2769 | D:4      | Found Tuqeleic's Magic Scroll Shoppe.
  2805 | D:4      | Bought a scroll of identify for 24 gold pieces
  2805 | D:4      | Bought a scroll of remove curse for 36 gold pieces
  2870 | D:4      | HP: 1/52 [scorpion (5)]
  2874 | D:4      | Reached skill level 5 in Axes
  2874 | D:4      | Reached XP level 7. HP: 25/59 MP: 2/10
  3216 | D:3      | Noticed Natasha
  3226 | D:3      | Killed Natasha
  3265 | D:3      | Noticed Natasha
  3272 | D:3      | Killed Natasha
  3405 | D:3      | Noticed olaf's ghost (amateur HaAK)
  3406 | D:3      | Found a runed translucent door.
  3490 | D:3      | Killed olaf's ghost
  3490 | D:3      | Reached skill level 5 in Armour
  3490 | D:3      | Reached skill level 1 in Invocations
  3504 | D:3      | Got a warped hand axe
  3506 | D:3      | Got a smoking plate armour
  3611 | D:3      | Identified the cursed +2 hand axe "Sesm" {vorpal, rElec
                  | Dex+6} (You found it on level 3 of the Dungeon)
  3613 | D:3      | Identified the +7 plate armour "Verhubb" {Int+2} (You found
                  | it on level 3 of the Dungeon)
  3888 | D:4      | Reached * piety under Okawaru
  3888 | D:4      | Reached XP level 8. HP: 19/67 MP: 3/11
  4290 | D:5      | Reached skill level 6 in Axes
  4549 | D:5      | Found a snail-covered altar of Cheibriados.
  4637 | D:5      | Found a stormy altar of Qazlal.
  4809 | D:6      | Found an ornate altar of the Wu Jian Council.
  5470 | D:6      | Reached skill level 5 in Fighting
  5904 | D:6      | Found a sacrificial altar of Ru.
  6402 | D:6      | Reached ** piety under Okawaru
  6402 | D:6      | Reached skill level 7 in Axes
  6525 | D:6      | Found an opulent altar of Gozag.
  6668 | D:7      | Reached XP level 9. HP: 44/75 MP: 5/13
  6680 | D:7      | Slain by an orc warrior

Levels and vault maps discovered:
D:1:      scummos_arrival_simple_fountains, layout_rooms
D:2:      layout_loops_ring, lemuel_crystal_altar, serial_undead,
          serial_undead_e, serial_undead_c, serial_undead_d, serial_undead_e,
          serial_undead_f, kennysheep_another_room, minmay_misc_feat_rows,
          uniq_jessica
D:3:      layout_loops_ring, ebering_ghost_inner_flame, uniq_natasha
D:4:      layout_rooms, nicolae_overflow_quartered_altars,
          yredelemnul_altar_generic, minmay_temple_entry_glass, serial_shops,
          shop, st_stairs_14
D:5:      layout_basic, marbit_many_paths, nicolae_overflow_crystal_walls,
          first_ration, grunt_qazlal_clouds
D:6:      layout_loops_cross, overflow_temple_1_default,
          nicolae_overflow_hidden_temple, serial_shops, nicolae_shop_crystal,
          kb_lookout_dungeons_type, minmay_misc_feat_square,
          hangedman_ru_absence
D:7:      minmay_s_stair_smasher, layout_basic, basic_altar, minmay_between
Temple:   chequers_temple_sunken

Skill      XL: |  1  2  3  4  5  6  7  8 |
---------------+-------------------------+-----
Shields        | 4 5 6 |  6.8
Axes           | 3 4 5 7 |  7.1
Fighting       | 4 5 |  5.8
Spellcasting   | 1 2 3 |  3.0
Armour         | 4 5 6 |  6.0
Invocations    | 1 3 |  3.4
Throwing       | |  0.3
Dodging        | |  0.6
Stealth        | |  0.2

Action                   |  1- 3 |  4- 6 |  7- 9 || total
-------------------------+-------+-------+-------++-------
Melee: War axe           |   108 |   197 |   363 ||   668
Throw: Boomerang         |       |       |     6 ||     6
  Use: Potion            |     1 |     2 |     3 ||     6
       Scroll            |       |       |     8 ||     8
  Eat: Chunk             |       |     4 |     3 ||     7
       Ration            |       |     1 |     3 ||     4
Armor: Scale mail        |    53 |    78 |    19 ||   150
       Plate armour      |       |       |   146 ||   146
       Skin              |       |       |     6 ||     6
Dodge: Dodged            |    36 |    60 |    66 ||   162
Block: Shield            |    50 |   110 |   159 ||   319

Table legend:
 A = Non-vault XP
 B = Vault XP
 C = Vault XP percentage of total XP
 D = Non-vault monster count
 E = Vault monster count
 F = Vault count percentage of total count
                 A         B        C        D         E       F
            +---------+---------+-------+---------+---------+-------
      Total |    1919 |     457 |  19.2 |     122 |      10 |   7.6
            +---------+---------+-------+---------+---------+-------
        D:1 |      23 |       0 |   0.0 |      17 |       0 |   0.0
        D:2 |      36 |      43 |  54.4 |      11 |       2 |  15.4
        D:3 |     272 |     257 |  48.6 |      39 |       3 |   7.1
        D:4 |     383 |       8 |   2.0 |      15 |       2 |  11.8
        D:5 |     144 |       1 |   0.7 |       5 |       1 |  16.7
        D:6 |    1061 |     106 |   9.1 |      35 |       1 |   2.8
        D:7 |       0 |      42 | 100.0 |       0 |       1 | 100.0
            +---------+---------+-------+---------+---------+-------
